[Event "FIDE WSTC Open 50 2025"]
[Site "Prague"]
[Date "2025.02.25"]
[Round "8.24"]
[White "Hulme, William"]
[Black "Vavra, Michal"]
[Result "1/2-1/2"]
[Annotator "TA"]
[ECO "A45"]
[WhiteElo "1909"]
[BlackElo "1986"]
[PlyCount "42"]
[EventDate "2025.02.17"]
[EventType "team-tourn"]
[EventCountry "CZE"]
[SourceTitle "playchess.com"]
[Source "ChessBase"]
[SourceQuality "1"]
[TimeControl "40/5400+30:1800+30"]

1. d4 Nf6 2. Bf4 e6 3. e3 c5 4. c3 Nc6 5. Nf3 Be7 6. h3 cxd4 7. exd4 O-O 8. Nbd2 b6 9. Bd3 Bb7 10. O-O d5 {[%emt 0:04:29] A47: 1 d4 Nf6 2 Nf3 b6: Torre, London and Colle Systems.} 11. Qe2 Re8 12. Ne5 Nxe5 13. Bxe5 Bd6 $146 (13... Nd7 14. Bg3 Bf6 15. Nf3 g6 16. h4 Bg7 17. h5 a6 18. Bf4 Nf6 19. hxg6 hxg6 {0-1 Khotenashvili,B (2504)-Kosteniuk,A (2541) Beijing Sportaccord Basque (Women) 2014 (1.16)}) 14. f4 g6 15. Rae1 Bf8 (15... Be7 $14) 16. Bb5 $16 {[%emt 0:06:00][%cal Oe5f6] White is much more active.} Nd7 17. Bxd7 Qxd7 {[%emt 0:00:21] Black is weak on the dark squares} 18. Bf6 Bg7 19. Qe5 Bxf6 20. Qxf6 Qd8 21. Qg5 Kg7 {Weighted Error Value: White=0.10 (very precise) /Black=0.13 (very precise)   Mistake:       	---       	Black=1      Inaccurate:     	White=2     	---        OK:         	White=4     	Black=4      Best:        	---       	Black=1} 1/2-1/2

[Event "FIDE WSTC Open 50 2025"]
[Site "Prague"]
[Date "2025.02.25"]
[Round "8.25"]
[White "Haba, Petr"]
[Black "Sikorova, Olga"]
[Result "1/2-1/2"]
[Annotator "TA"]
[ECO "E46"]
[WhiteElo "2442"]
[BlackElo "2134"]
[PlyCount "53"]
[EventDate "2025.02.17"]
[EventType "team-tourn"]
[EventCountry "CZE"]
[SourceTitle "playchess.com"]
[Source "ChessBase"]
[SourceQuality "1"]
[TimeControl "40/5400+30:1800+30"]

1. d4 Nf6 2. c4 e6 3. Nc3 Bb4 4. e3 O-O 5. Bd2 b6 6. Nf3 Bb7 7. Bd3 d6 8. O-O Nbd7 9. a3 Bxc3 10. Bxc3 Ne4 11. Be1 {[%emt 0:02:30] E21: Nimzo-Indian: 4 Nf3.} f5 12. Nd2 $1 {[%emt 0:01:37] 12.Kh1 is more advanced technology.} Qg5 {[%emt 0:08:02] [#] and ...Nxd2 would now be decisive} 13. f4 {[%emt 0:00:55] White is slightly better.} Qh6 14. Nxe4 fxe4 15. Be2 g5 $146 (15... Rad8 16. Bg3 e5 17. dxe5 dxe5 18. Qc1 Nc5 19. Qc3 Nd3 20. Bxd3 exd3 21. Qxe5 Qc6 22. Rf2 Rfe8 23. Qg5 d2 24. Rd1 Qxc4 25. Rfxd2 Rxd2 26. Rxd2 Qc1+ {0-1 Prosch,K (1457)-Schmidt,A Schleswig Holstein-ch U18 VM 2003 (5)}) 16. Bg3 Nf6 17. fxg5 Qxg5 18. Rf4 e5 $1 19. Bh4 Qh6 20. dxe5 dxe5 21. Rxf6 Qxh4 22. Rxf8+ Rxf8 23. Qe1 {[%emt 0:00:12] Repels Qf2+} Qg5 24. Qg3 Qxg3 {[%emt 0:00:21] The position is equal.} 25. hxg3 Rd8 26. Rd1 Rxd1+ 27. Bxd1 {[%emt 0:00:21] Weighted Error Value: White=0.08 (flawless) /Black=0.09 (flawless)   Inaccurate:     	White=1     	Black=1      OK:         	White=6     	Black=6      Best:        	White=1     	---        Strong:       	White=1     	Black=1} 1/2-1/2

[Event "FIDE WSTC Open 50 2025"]
[Site "Prague"]
[Date "2025.02.25"]
[Round "8.26"]
[White "Folkova, Martina"]
[Black "Zvara, Petr"]
[Result "0-1"]
[Annotator "TA"]
[ECO "B12"]
[WhiteElo "2031"]
[BlackElo "2330"]
[PlyCount "80"]
[EventDate "2025.02.17"]
[EventType "team-tourn"]
[EventCountry "CZE"]
[SourceTitle "playchess.com"]
[Source "ChessBase"]
[SourceQuality "1"]
[TimeControl "40/5400+30:1800+30"]

1. e4 c6 2. d4 d5 3. f3 dxe4 4. fxe4 e5 5. Nf3 Bg4 6. Bc4 Nd7 7. O-O {[%emt 0:01:18][%cal Oc4f7] [#] 7.c3 is the fancy move. B12: Caro-Kann: Advance Variation.} (7. dxe5 Bxf3 8. Qxf3 Nxe5 $17) 7... Ngf6 8. c3 Bd6 9. Bg5 {[%emt 0:04:13] The position is equal.} Qe7 10. Nbd2 h6 11. Bh4 (11. Bxf6 $1 $14 Nxf6 12. dxe5 Bc5+ (12... Bxe5 13. Bxf7+ Qxf7 14. Nxe5 $16) 13. Kh1) 11... g5 12. Bg3 Nh5 $146 ({Predecessor:} 12... O-O-O 13. Bd3 Nh5 14. Bf2 Nf4 15. Nc4 Bc7 16. Bc2 h5 17. Ne3 Bb6 18. a4 a6 {0-1 Sychev,K (2556)-Svane,R (2615) Titled Tuesday intern op 17th Aug blitz 2021 (7)}) 13. Qb3 (13. Bf2 $11 {remains equal.}) 13... Nxg3 $17 14. hxg3 {[%emt 0:03:55][%cal Oc4f7] Black must now prevent Bxf7+!.} O-O (14... O-O-O $15) 15. Nh2 Bh5 16. g4 (16. Rae1 $15) 16... Bg6 $36 {[%emt 0:00:54][%mdl 2048] Black is on the roll.} 17. Rad1 (17. Qxb7 $17 exd4 18. cxd4) 17... b5 18. Bd3 Rad8 19. Ndf3 a6 20. a4 exd4 21. cxd4 Bxe4 {[%emt 0:08:47][%csl Od4,Og2,Og4] White has weak pawns} 22. Rde1 $2 (22. Rfe1 $17 Bd5 23. Qc2) 22... Bd5 {[%emt 0:00:36] This pair of bishops is nice.} (22... Nc5 $142 $1 23. dxc5 Bxc5+ 24. Kh1 Rxd3 25. Qxd3 Bxd3 26. Rxe7 Bxe7) 23. Qc2 $19 Qf6 24. Ne5 Qg7 25. Nhf3 Nxe5 26. dxe5 Bxf3 (26... Bc7 $19 {[%cal Oh6h5] is more deadly. and ...h5! would now be decisive} 27. b3 Rfe8) 27. Rxf3 $17 Bxe5 28. Qxc6 h5 (28... Rd6 $17 29. Qc2 bxa4 (29... Bxb2 30. axb5 axb5 31. Bxb5 $17) 30. Qxa4 Bxb2) 29. Qe4 ({Only move:} 29. gxh5 $15 Bb8 30. Qc5) 29... Rfe8 $19 (29... Bxb2 30. axb5 Rd4 31. Qe7 $17) 30. Kh1 $2 {[%emt 0:00:18] [#]} (30. Kf1 {is tougher.}) 30... Re6 $1 (30... Bxb2 $2 31. Qxe8+ Qf8 32. Qe4 $18 (32. Qxf8+ Kxf8 33. gxh5 g4 $18)) 31. Ref1 (31. Qf5 $142 hxg4 (31... bxa4 32. Bc4 $11) 32. Qxg4) 31... Bf4 32. Qf5 Rf6 ({Less strong is} 32... bxa4 33. gxh5 Rh6 (33... Qxb2 $2 {too greedy.} 34. Rxf4 gxf4 35. Qg5+ Qg7 36. Qxd8+ Qf8 37. Qg5+ Qg7 38. Qxf4 $18) 34. Qg4 $17) 33. Qh7+ Qxh7 34. Bxh7+ Kxh7 35. gxh5 Rdd6 36. axb5 axb5 37. g3 Be5 38. b3 g4 39. Rf5 Rxf5 40. Rxf5 f6 {[%emt 0:00:12] Weighted Error Value: White=0.94/Black=0.23 (precise)   Loses game:     	White=2     	---        Mistake:       	White=6     	Black=4      Inaccurate:     	White=2     	Black=2      OK:         	White=8     	Black=7      Best:        	---       	Black=5      Strong:       	---       	Black=1} 0-1

[Event "FIDE WSTC Open 50 2025"]
[Site "Prague"]
[Date "2025.02.25"]
[Round "8.27"]
[White "Konopka, Michal"]
[Black "Svobodova, Michaela"]
[Result "1/2-1/2"]
[Annotator "TA"]
[ECO "D02"]
[WhiteElo "2326"]
[BlackElo "2048"]
[PlyCount "102"]
[EventDate "2025.02.17"]
[EventType "team-tourn"]
[EventCountry "CZE"]
[SourceTitle "playchess.com"]
[Source "ChessBase"]
[SourceQuality "1"]
[TimeControl "40/5400+30:1800+30"]

1. Nf3 d5 2. d4 Nf6 3. c4 c6 4. g3 Bf5 5. Nc3 e6 6. Nh4 {[%emt 0:00:49] D11: Slav Defence: 3 Nf3 sidelines and 3...Nf6 4 e3 Bg4.} Be4 7. f3 Bg6 8. Qb3 {[%emt 0:00:49] White is slightly better.} Qb6 9. Nxg6 hxg6 10. c5 Qc7 11. Bf4 (11. e4 $16) 11... Qc8 $1 $11 12. g4 Be7 13. e3 Nbd7 14. Bg2 $146 (14. O-O-O b6 15. cxb6 axb6 16. Kb1 Qb7 17. Rc1 O-O 18. h4 Ne8 19. e4 b5 20. g5 {½-½ Milov,L (2523)-Kindermann,S (2498) BL2-Ost 1314 2013 (6.1)}) 14... Bd8 15. O-O-O Bc7 16. Bxc7 Qxc7 17. g5 Ng8 18. f4 Ne7 19. Ne2 b6 20. cxb6 Nxb6 21. Qc3 a5 22. b3 a4 23. Kd2 axb3 {[%emt 0:04:11] Black has strong rooks and is better} 24. axb3 Ra2+ 25. Ke1 Kd7 26. Kf2 Qa7 27. Rd2 {[%emt 0:02:17] [#] aiming for Rxa2.} Ra8 (27... Ra3 $1 $17 28. Nc1 Nc4) 28. Rb1 Nbc8 (28... Rxd2 29. Qxd2 Nbc8 30. Rb2 Nd6) 29. Nc1 Rxd2+ 30. Qxd2 Nd6 31. Nd3 Ke8 32. Nc5 Qa2 33. Rb2 Qa5 34. Qc2 (34. Qxa5 Rxa5 35. Bf1 Nef5 36. Bd3) 34... Ndf5 35. Bh3 Qa1 36. Bxf5 Nxf5 37. Na4 Ne7 38. Rb1 Qa3 39. Rb2 Qa1 40. Rb1 Qa3 41. Kg2 (41. Rb2 $11) 41... Rb8 (41... f6 $17) 42. Nc5 Nf5 43. Kf2 Ke7 (43... f6 {simplifies} 44. Qb2 Ra8 45. Qxa3 Rxa3 46. Rb2 Ke7) 44. Nd3 Rh8 45. Kg1 Nxe3 46. Qc3 {[%emt 0:00:32] [#] White is weak on the light squares} (46. Qxc6 $11 Qa2 47. Qc5+ Kd8 48. Qd6+ Ke8 49. Qb8+ Ke7 50. Qb4+ (50. Qxh8 $2 Qg2#) 50... Kd8 51. Qb8+ Ke7) 46... Qa2 ({Black should play} 46... Ra8 $1 $17 {Hoping for ...Qa2.} 47. Rc1 Kf8 48. Qb4+ Ke8) 47. Qc5+ {[%emt 0:00:14] The position is equal.} Ke8 48. Qxc6+ Ke7 49. Qc7+ Ke8 50. Qc8+ Ke7 51. Qc7+ (51. Qxh8 $2 Qg2#) 51... Ke8 {[%emt 0:00:20] Weighted Error Value: White=0.11 (very precise) /Black=0.13 (very precise)   Mistake:       	White=3     	Black=3      Inaccurate:     	White=3     	Black=6      OK:         	White=16    	Black=13     Best:        	White=4     	Black=2      Strong:       	---       	Black=1} 1/2-1/2

[Event "FIDE WSTC Open 50 2025"]
[Site "Prague"]
[Date "2025.02.25"]
[Round "8.28"]
[White "Cejkova, Miroslava"]
[Black "Trickov, Vasil"]
[Result "1-0"]
[Annotator "TA"]
[ECO "B23"]
[WhiteElo "1980"]
[BlackElo "2301"]
[PlyCount "81"]
[EventDate "2025.02.17"]
[EventType "team-tourn"]
[EventCountry "CZE"]
[SourceTitle "playchess.com"]
[Source "ChessBase"]
[SourceQuality "1"]
[TimeControl "40/5400+30:1800+30"]

1. e4 c5 2. Nc3 Nc6 3. f4 g6 4. Nf3 Bg7 5. Bc4 d6 6. O-O e6 7. d3 Nge7 8. Bb3 O-O 9. Qe1 Na5 {[%emt 0:10:30] B23: Closed Sicilian: Lines without g3.} 10. Nd1 (10. e5 $11 {is more appropriate.}) 10... Nxb3 11. axb3 b6 $146 {[%emt 0:01:45] Black is slightly better.} ({Predecessor:} 11... Nc6 12. c3 f5 13. Be3 b6 14. Nf2 e5 15. Qd2 d5 16. Nxe5 Nxe5 17. fxe5 dxe4 {0-1 Miellet Bensan,Y (2243)-Borchgrevink,H (2163) Nordic-ch Bergen 2001 (9)}) 12. Ne3 h6 (12... a5 $15) 13. Qg3 d5 14. e5 d4 15. Ng4 Bb7 16. Qh3 Nf5 17. Bd2 a5 18. Rfe1 Bd5 19. Nf2 f6 20. exf6 Qxf6 21. Ng4 {[%emt 0:01:01] Against Ne3} Qe7 22. Nge5 Qe8 23. Re2 Ra7 24. Nc4 {[%emt 0:01:00] Excellent horsemanship.} Qd8 25. Nce5 Bxe5 26. Rxe5 Rh7 27. Kf2 ({Better is} 27. Rae1 $11) 27... Qf6 (27... g5 $5) 28. Qg4 Rg7 (28... g5 {keeps more tension.} 29. Rae1 Rg7 30. fxg5 Ne3) 29. Re2 {[%emt 0:03:08] [#]} g5 (29... Ne3 $1 $17 30. Bxe3 dxe3+ 31. Kxe3 Qxb2) 30. fxg5 $11 hxg5 {[%emt 0:00:02] and ...Nh4 would now be decisive} 31. Kg1 Nh6 32. Qg3 (32. Qh5 Bxf3 33. Qxf3 Qxf3 34. gxf3 Kf7 35. Rae1) 32... g4 (32... Bxf3 {simplifies} 33. Qxf3 Qxf3 34. gxf3 Kf7) 33. Bxh6 Qxh6 34. Ne5 Qh5 35. Rae1 Rf3 $2 36. Nxf3 $18 ({Not} 36. gxf3 gxf3 $17) 36... gxf3 37. Qb8+ Kh7 38. Rf2 fxg2 $2 (38... b5 39. g3 (39. Qxb5 Qh3 $16) 39... c4 40. Qxb5 Qh3) 39. Rf8 {[%emt 0:00:58] [#] Threatening mate with Rh8+.} Qg5 40. Rh8+ (40. Qxb6 $2 {too greedy.} Qd2 $19) 40... Kg6 41. Qe8+ {[%emt 0:30:21] Weighted Error Value: White=0.15 (very precise) /Black=0.74  Loses game:     	---       	Black=1      Mistake:       	White=2     	Black=3      Inaccurate:     	White=6     	Black=6      OK:         	White=9     	Black=6      Best:        	White=4     	---} 1-0

[Event "FIDE WSTC Open 50 2025"]
[Site "Prague"]
[Date "2025.02.25"]
[Round "8.29"]
[White "Van der Werf, Mark"]
[Black "Plotkin, Victor"]
[Result "1/2-1/2"]
[Annotator "TA"]
[ECO "D35"]
[WhiteElo "2416"]
[BlackElo "2259"]
[PlyCount "107"]
[EventDate "2025.02.17"]
[EventType "team-tourn"]
[EventCountry "CZE"]
[SourceTitle "playchess.com"]
[Source "ChessBase"]
[SourceQuality "1"]
[TimeControl "40/5400+30:1800+30"]

1. d4 d5 2. c4 e6 3. Nc3 Nf6 4. cxd5 exd5 5. Bg5 c6 6. e3 Bf5 {[%emt 0:03:17] 6...h6 is setting a new trend.} 7. Nge2 {[%emt 0:00:54] D35: Queen's Gambit Declined: Exchange Variation.} h6 8. Bf4 Nbd7 9. h4 $146 {[%emt 0:07:23] The position is equal.} ({Predecessor:} 9. Ng3 Bh7 10. h4 Bb4 11. Bd3 Bxd3 12. Qxd3 O-O 13. f3 Re8 14. a3 Bf8 15. Kf2 {0-1 Caruana,F (2804)-Dominguez Perez,L (2749) American Cup Elim rapid 2024 (2.1)}) 9... Qb6 10. Qd2 Nh5 11. Bh2 Be7 12. f3 (12. O-O-O {feels hotter.} Qb4 13. f3 Nb6 14. Nb1) 12... Bh7 (12... Bxh4+ $6 13. g3 $16) 13. Bg1 Bd6 14. Bf2 f5 15. Nf4 Nxf4 16. exf4 O-O-O 17. O-O-O Qc7 18. g3 Nb6 {[%emt 0:01:56] Inhibits Na4.} 19. Bd3 h5 20. b3 g6 21. Kb2 Kb8 22. Rc1 Qg7 23. Kb1 Rhe8 24. a4 Bb4 25. Qc2 Bg8 26. Na2 Ba3 27. Rcd1 {[%emt 0:03:34] and a5 should not be overlooked} Bd6 28. Bf1 Nd7 29. Nc1 Rc8 30. Nd3 Ka8 31. Ka2 (31. Ne5 $11) 31... Rc7 (31... c5 $15) 32. Ne5 Rec8 33. Qb2 c5 34. Rc1 (34. Nxd7 $11 Qxd7 35. Bb5) 34... c4 $19 35. b4 Bf7 ({Black should play} 35... Qe7 $19 36. b5 (36. Nxg6 $2 Qe8 $19) 36... c3) 36. Be1 (36. Qc3 $17 {was necessary.}) 36... Be8 (36... Nxe5 $19 37. fxe5 Be7) 37. b5 $15 Nxe5 (37... Bf8 $15) 38. fxe5 $14 {[%emt 0:00:25] White has a king side majority. NOTEXT-51077 White (e5)} Bf8 39. Ba5 $2 (39. f4 $14) 39... b6 $36 {[%emt 0:00:44][%mdl 2048] White is under strong pressure.} 40. Bc3 {[%emt 0:02:40] [#]} (40. Bb4 $17) 40... a6 $1 $19 41. Ra1 axb5 42. axb5 Qd7 (42... Ra7+ $142 $1 43. Kb1 Rcc7) 43. Kb1+ $17 Ra7 44. Rh2 {[%emt 0:00:00] [#]} (44. Rxa7+ $17 Qxa7 45. Bb4 Bxb4 (45... Bxb5 $2 46. Bxf8 Qa4 47. Bh6 $18) 46. Qxb4) 44... Rcc7 $1 $19 ({Worse is} 44... Qxb5 45. Qxb5 Bxb5 46. Rb2 $11) 45. Rxa7+ (45. Ra6 $142) 45... Rxa7 46. Bb4 {[%emt 0:00:00] [#]} Bxb4 (46... Be7 $1 $19 {...Ra4 would now be deadly.} 47. f4 Kb8 (47... Qxb5 48. Bxe7 Qa4 49. Rc2 $15)) 47. Qxb4 $15 Ra5 48. Ra2 Qxb5 49. Qxb5 Bxb5 50. Rxa5+ bxa5 {[%emt 0:00:03] KB-KB. Black is a pawn up. Black is better.} 51. Be2 Bd7 52. Kb2 Kb7 53. Kc3 Kc7 54. Bd1 {[%emt 0:00:00] Black had all chances to win.   Weighted Error Value: White=0.28 (precise) /Black=0.24 (precise)   Missed win:     	---       	Black=1      Mistake:       	White=7     	Black=5      Inaccurate:     	White=5     	Black=2      OK:         	White=15    	Black=17     Best:        	White=3     	Black=3      Strong:       	---       	Black=1      Brilliant:      	---       	Black=1} 1/2-1/2

[Event "FIDE WSTC Open 50 2025"]
[Site "Prague"]
[Date "2025.02.25"]
[Round "8.30"]
[White "Cummings, David H."]
[Black "Van Haastert, Edwin"]
[Result "1/2-1/2"]
[Annotator "TA"]
[ECO "A06"]
[WhiteElo "2255"]
[BlackElo "2408"]
[PlyCount "85"]
[EventDate "2025.02.17"]
[EventType "team-tourn"]
[EventCountry "CZE"]
[SourceTitle "playchess.com"]
[Source "ChessBase"]
[SourceQuality "1"]
[TimeControl "40/5400+30:1800+30"]

1. Nf3 d5 2. e3 Nf6 3. c4 dxc4 4. Bxc4 e6 5. O-O a6 6. d4 b5 7. Bb3 Bb7 8. Nc3 c5 {[%emt 0:02:59] [#]} 9. e4 $1 {[%emt 0:01:36][%mdl 4] is now more promising than 9.Qe2. D27: Queen's Gambit Accepted: Classical main line: 7 e4!? and 7 a4.} cxd4 10. Nxd4 Nbd7 11. Be3 b4 12. Na4 Qb8 (12... Bxe4 $11 {remains equal.} 13. Re1 Be7) 13. Rc1 {[%emt 0:35:11] White is more active.} (13. f3 $142 $1) 13... Bd6 14. Nc6 $146 (14. f4 {simplifies} Bxe4 15. Nc6 Bxc6 16. Rxc6 Be7 17. Nb6) (14. f4 Nxe4 15. Nc6 Bxc6 16. Rxc6 O-O 17. Qd4 Ndf6 18. Bc2 e5 19. Qb6 exf4 20. Bd4 {0-1 Kojima,S (2306)-Yamada,K (2172) Asian Games Hangzhou rapid 2023 (7)}) 14... Bxh2+ 15. Kh1 Qd6 {[%emt 0:08:56] [#] A sharp opening} (15... Bxc6 $11 16. Rxc6 Bf4) 16. f3 $2 a5 (16... Qg3 $11 17. Qe1 (17. Nxb4 $2 Qh4 $19) 17... Bxc6 18. Rxc6 O-O) 17. Qxd6 $14 Bxd6 18. Rfd1 Bg3 19. Na7 (19. Nd4 $5) 19... O-O 20. Nc5 (20. Nb5 $11) 20... Nxc5 $17 21. Bxc5 Rfb8 22. Ba4 Bf4 23. Rb1 ({White should play} 23. Rc4 $15) 23... h5 24. a3 Kh7 25. axb4 axb4 26. b3 h4 27. Kg1 Rd8 28. Bf2 g5 29. Bb5 Kg6 30. Nc6 Bxc6 31. Bxc6 Rxd1+ 32. Rxd1 Ra2 33. Bb5 Nh5 34. Bd3 (34. Bd4 {keeps fighting.}) 34... Be5 35. Be3 f6 (35... g4 $19 36. fxg4 Nf6) 36. Bc4 f5 (36... Bf4 37. Bc5 Rc2) 37. Bxe6 fxe4 38. fxe4 Re2 (38... Nf4 $17 39. Bf5+ Kf6) 39. Bf5+ {[%emt 0:00:36] A strong pair of Bishops.} Kf6 40. Rd3 (40. Bb6 $11 Nf4 41. Kf1) 40... Re1+ $2 ({Black should try} 40... Rxe3 $19 41. Rxe3 Bd4) 41. Kf2 $11 {[%emt 0:30:14] The position is equal.} Bg3+ 42. Kf3 {[%emt 0:00:18] And now Bd2 would win.} Nf4 43. Rd6+ {[%emt 0:00:00] Weighted Error Value: White=0.56/Black=0.46  Loses game:     	White=1     	Black=1      Missed win:     	White=2     	Black=1      Mistake:       	White=4     	Black=5      Inaccurate:     	White=2     	Black=1      OK:         	White=6     	Black=12     Best:        	---       	Black=3} 1/2-1/2

[Event "FIDE WSTC Open 50 2025"]
[Site "Prague"]
[Date "2025.02.25"]
[Round "8.31"]
[White "Roobol, Martin"]
[Black "Barron, Michael"]
[Result "0-1"]
[Annotator "TA"]
[ECO "A80"]
[WhiteElo "2242"]
[BlackElo "2049"]
[PlyCount "97"]
[EventDate "2025.02.17"]
[EventType "team-tourn"]
[EventCountry "CZE"]
[SourceTitle "playchess.com"]
[Source "ChessBase"]
[SourceQuality "1"]
[TimeControl "40/5400+30:1800+30"]

1. d4 f5 2. Bg5 h6 3. Bh4 g5 4. Bg3 Bg7 5. e3 c5 6. c3 {[%emt 0:01:33] A80: Dutch Defence: Unusual White second moves.} Qb6 7. Na3 d5 {[%emt 0:02:31] Prevents Nc4.} (7... Nf6 $14) 8. Nb5 $1 $16 {[%emt 0:02:59] White is clearly better.} Na6 {[%emt 0:01:42] Against Nc7+} 9. dxc5 Qxc5 10. Nf3 $146 (10. Qh5+ $142 Kf8 11. Nf3) (10. Qh5+ Kf8 11. Nf3 Nf6 12. Qg6 Bd7 13. Nbd4 Qb6 14. Bxa6 e6 15. Bd3 f4 16. Bb5 Bxb5 17. Nxb5 fxg3 {1-0 Gurbanov,A (2302)-Lipilin,I (2198) IPCA Wch 21st 2022 (9)}) 10... Bd7 11. Nbd4 Qb6 12. Bd3 (12. Bxa6 $16 Qxa6 13. Ne5 Bxe5 14. Qh5+ (14. Bxe5 Nf6 $16) 14... Kf8 15. Bxe5) 12... e6 $1 $14 13. Ne5 Nf6 {[%emt 0:02:57] Wards off Qh5+} 14. Nxd7 Kxd7 (14... Nxd7 $14 15. O-O O-O) 15. O-O ({White should try} 15. a4) 15... Nc5 $16 {[%emt 0:00:55][%cal Oc5d3] A sharp opening} 16. Bb5+ Ke7 17. a4 a6 18. a5 {[%emt 0:00:04][%csl Od4] Strong Square White (d4)} Qd8 19. Be2 {[%emt 0:01:06] This pair of bishops is nice.} Nfe4 20. c4 (20. Bh5 {looks sharper.} Rc8 21. Qc2 Rf8 22. Rfd1) 20... Rc8 21. Rc1 Nxg3 ({Better is} 21... Qxa5 $11 22. cxd5 Qd2) 22. hxg3 $14 Ne4 23. Qb3 Bxd4 24. exd4 (24. Qxb7+ Rc7 25. Qxa6 Bxb2 $19) 24... Qxa5 {[%emt 0:00:21] Active counter play!} 25. Qxb7+ Rc7 26. b4 Rxb7 27. bxa5 Nd2 28. Rfe1 {[%emt 0:00:58] and cxd5 would now be decisive} Nxc4 29. Bxc4 dxc4 $11 {[%emt 0:00:10][%mdl 4096] Endgame KRR-KRR. Black is a pawn up.} 30. d5 Kd6 31. dxe6 Rc7 32. Rcd1+ (32. f4 $15) 32... Ke7 $17 33. Rd5 Rf8 34. Red1 {[%emt 0:03:10] [#]} Rf6 (34... Kxe6 $6 35. Rd6+ Kf7 36. Rxa6 $11) (34... Rc6 $1 $17 {[%cal Oc4c3] Hoping for ...c3!.} 35. Re1 Rc7 (35... Rxe6 36. Rxe6+ Kxe6 37. Rc5 $11)) 35. Rd7+ Rxd7 $1 (35... Kxe6 $2 36. Rxc7 f4 37. Rc6+ (37. Rxc4 Kf5 $18) 37... Ke7 38. Rxf6 (38. Rxc4 Rf5 $18) 38... Kxf6 39. gxf4 (39. Rd6+ Ke5 $18) 39... gxf4 40. Rc1 $18) 36. exd7 $15 {[%emt 0:00:04] KR-KR} ({Only move:} 36. Rxd7+ $15 Kxe6 37. Rd4) 36... Kd8 $19 37. Kf1 c3 38. Ke2 Re6+ 39. Kd3 $2 (39. Kf1) 39... Rd6+ (39... Kxd7 40. Kxc3+ Ke7 41. Rd5 $11) 40. Kc2 Rxd1 ({Inferior is} 40... Rxd7 41. Rf1 $16 (41. Rxd7+ Kxd7 42. Kxc3 Kc7 $11)) 41. Kxd1 Kxd7 {[%emt 0:30:12] KP-KP. Black is a pawn up.} 42. Kc2 Kc6 43. Kxc3 Kb5 44. f4 gxf4 (44... Kxa5 45. g4 Kb5 (45... fxg4 $2 {loses.} 46. f5 $18) (45... gxf4 $2 46. gxf5 Kb6 47. f6 $18) 46. gxf5 $18) 45. gxf4 {[%emt 0:00:07] [#]} Kxa5 $2 (45... Kc5 $1 $19 46. Kd3 h5) 46. Kd4 $2 {[%emt 0:00:05][%mdl 8192] This costs White the game.} (46. g4 $17 fxg4 47. f5) 46... Kb5 {[%emt 0:00:19] Black mates.} 47. Ke5 a5 48. g4 a4 49. Kd4 {Weighted Error Value: White=0.45/Black=0.21 (precise)   Loses game:     	White=1     	---        Mistake:       	White=5     	Black=4      Inaccurate:     	White=6     	---        OK:         	White=12    	Black=12     Best:        	White=1     	Black=11     Strong:       	White=1     	Black=2} 0-1